 Dungeon Crawl Stone Soup version 0.26-a0-284-g73c0fb6129 (webtiles) character file.

Game seed: 14438250232030267853

555 MrRokkomies the Stinger (level 7, 0/41 HPs)
             Began as an Octopode Venom Mage on July 13, 2020.
             Slain by a black bear (2 damage)
             ... on level 3 of the Dungeon.
             The game lasted 00:11:15 (4410 turns).

MrRokkomies the Stinger (Octopode Venom Mage)       Turns: 4410, Time: 00:11:16

Health: 0/41       AC:  1    Str:  7    XL:     7   Next: 30%
Magic:  7/10       EV: 15    Int: 19    God:
Gold:   75         SH:  0    Dex: 13    Spells: 4/10 levels left

rFire    . . .     SeeInvis .   f - +0 mace (protect)
rCold    . . .     Faith    .   (no shield)
rNeg     . . .     Spirit   .   (helmet restricted)
rPois    .         Reflect  .   (no amulet)
rElec    .         Harm     .   (no ring)
rCorr    .                      (no ring)
MR       .....                  (no ring)
Stlth    ++++......             (no ring)
HPRegen  0.13/turn              (no ring)
MPRegen  0.12/turn              (no ring)
                                (no ring)
                                (no ring)

@: no status effects
A: almost no armour, stealthy swim, amphibious, 8 rings, constrict 8, camouflage
1, gelatinous body 1
a: no special abilities


You were on level 3 of the Dungeon.
You visited 1 branch of the dungeon, and saw 4 of its levels.

You collected 75 gold pieces.

Inventory:

Hand Weapons
 e - a +1 dagger
 f - a +0 mace of protection (weapon)
Jewellery
 h - an uncursed ring of fire
 k - an uncursed ring of ice
Scrolls
 c - 2 scrolls of remove curse
 d - a scroll of immolation
 j - a scroll of identify
 l - a scroll of magic mapping {unknown}
 m - a scroll of amnesia
 n - a scroll of teleportation {unknown}
Potions
 a - 3 potions of flight
 b - a potion of magic {unknown}
 g - 2 potions of cancellation
 i - a potion of resistance {unknown}


   Skills:
 * Level 5.0 Dodging
 + Level 5.5 Stealth
 - Level 2.0 Spellcasting
 - Level 1.0 Transmutations
 * Level 6.8 Poison Magic


You had 4 spell levels left.
You knew the following spells:

 Your Spells              Type           Power        Failure   Level
b - Poisonous Vapours     Pois/Air       ##....       6%          2
c - Olgreb's Toxic Radia  Pois           ####....     10%         4

Your spell library contained the following spells:

 Spells                   Type           Power        Failure   Level
 Sting                    Tmut/Pois      ###.         3%          1
 Ignite Poison            Fire/Tmut/Pois ##......     17%         3
 Mephitic Cloud           Conj/Pois/Air  ##......     21%         3


Dungeon Overview and Level Annotations

Branches:
Dungeon (4/15)
 Temple: D:4-7

Altars:
Dithmenos
Fedhas
Wu Jian

Annotations:
D:3 2 runed translucent doors, p0wl's ghost, weakling MiFi


Innate Abilities, Weirdness & Mutations

You cannot wear most types of armour.
You are very stealthy in the water. (Stealth+)
You are amphibious.
You can wear up to eight rings at the same time.
You can use your tentacles to constrict eight enemies at once.
Your skin changes colour to match your surroundings (Stealth+).
Your rubbery body absorbs attacks. (AC +1, EV +1)


Message History

The black bear claws you. The black bear barely misses you.
Casting: Poisonous Vapours (safe; 6% risk of failure)
Confirm with . or Enter, or press ? or * to list all spells.
Aiming: Poisonous Vapours (safe; 6% risk of failure)
Press: ? - help, Dir - move target cursor, f/p - black bear
Aim: a black bear (lightly wounded, poisoned) Poisonous vapours surround the black bear!
The black bear is engulfed in poison gas.
The black bear looks even sicker.
The black bear bites you!
* * * LOW HITPOINT WARNING * * *
The black bear closely misses you. The black bear claws you.
* * * LOW HITPOINT WARNING * * *
As you read the scroll labeled BAMIZU AMUAFO, it crumbles to dust.
It is a scroll of amnesia.
Forget Sting, freeing 1 spell level for a total of 4?
Your memory of Sting unravels.
The black bear closely misses you. The black bear claws you.
* * * LOW HITPOINT WARNING * * *
The black bear claws you.
You die...

# ############≈.≈..≈.≈#.# ####
#.....# #≈...)..≈#.# ...# #..†..#
#≈≈≈≈≈≈≈≈#.# ##.# #.....#
##########.# ...# #.....# #.#
##.# .### #.....## #####.#####..#
.# ###....# #...........## .#
#####.###.###.####### .#
#.......#@# ### .# #........h#
.## #..##.#...#
..######..#......###########
.#.........(.#..##.....<...######
.......#..#.##>.##.##.#..........
##..##..........##.##.#.##.######
..#.#####.......##.#....##.#
.##.#####.########.#..#.##.#


You could see a black bear (very poisoned).

Vanquished Creatures
  Sigmund (D:2)
  An ogre (D:2)
  A scorpion (D:4)
  An orc priest (D:3)
  Jessica (D:2)
  An iguana (D:4)
  Terence (D:2)
  7 adders
  A worm (D:2)
  A dart slug (D:3)
  4 leopard geckos
  9 orcs
  A ball python (D:2)
  5 giant cockroaches
  9 goblins
  12 hobgoblins
  6 kobolds
  4 quokkas
  10 bats
  3 frilled lizards
  6 rats
85 creatures vanquished.

Notes
Turn   | Place    | Note
-------+----------+-------------------------------------------
     0 | D:1      | MrRokkomies the Octopode Venom Mage began the quest for the
                  | Orb.
     0 | D:1      | Reached XP level 1. HP: 11/11 MP: 3/3
    59 | D:1      | Reached XP level 2. HP: 12/17 MP: 1/5
    66 | D:1      | Reached skill level 4 in Poison Magic
   262 | D:1      | Learned a level 2 spell: Poisonous Vapours
   931 | D:1      | Reached XP level 3. HP: 15/21 MP: 6/6
  1401 | D:2      | Noticed an ogre
  1417 | D:2      | Killed an ogre
  1417 | D:2      | Reached skill level 5 in Poison Magic
  1417 | D:2      | Reached XP level 4. HP: 27/27 MP: 0/7
  1503 | D:2      | Reached XP level 5. HP: 26/31 MP: 8/8
  1640 | D:2      | Noticed Terence
  1662 | D:2      | Killed Terence
  1948 | D:2      | Noticed Sigmund
  1956 | D:2      | Killed Sigmund
  1956 | D:2      | Reached skill level 6 in Poison Magic
  1956 | D:2      | Reached XP level 6. HP: 8/36 MP: 5/9
  2193 | D:2      | Learned a level 4 spell: Olgreb's Toxic Radiance
  2273 | D:2      | Found a blossoming altar of Fedhas.
  2302 | D:2      | Noticed Jessica
  2312 | D:2      | Killed Jessica
  2312 | D:2      | Reached skill level 5 in Stealth
  2340 | D:2      | Found a shadowy altar of Dithmenos.
  2340 | D:2      | Found an ornate altar of the Wu Jian Council.
  3181 | D:3      | Reached XP level 7. HP: 41/41 MP: 10/10
  3291 | D:3      | Found a large runed translucent door.
  3291 | D:3      | Found a large runed translucent door.
  3295 | D:3      | Noticed p0wl's ghost (weakling MiFi)
  4158 | D:4      | Reached skill level 5 in Dodging
  4410 | D:3      | HP: 2/41 [black bear (2)]
  4410 | D:3      | Slain by a black bear

Illustrated notes

Levels and vault maps discovered:
D:1:      dpeg_arrival_pond, layout_rooms
D:2:      layout_basic, fedhas_ov_isle_minmay,
          gammafunk_temple_overflow_elements, serial_bayou_crossing,
          uniq_jessica, uniq_sigmund, uniq_terence
D:3:      layout_loops_cross, ebering_ghost_disaster_area, grunt_ministairs_15,
          kennysheep_generic_room_6
D:4:      layout_gridville, ashenzari_conservatory_becter, bloody_trog

Skill      XL: |  1  2  3  4  5  6  7 |
---------------+----------------------+-----
Stealth        | 3 4 5 |  5.5
Poison Magic   | 4 5 6 |  6.8
Dodging        | 3 4 5 |  5.0
Spellcasting   | |  2.0
Transmutations | |  1.0

Action                   |  1- 3 |  4- 6 |  7- 9 || total
-------------------------+-------+-------+-------++-------
Melee: Unarmed           |    28 |       |       ||    28
       Constrict         |     9 |    17 |    14 ||    40
       Tentacles         |     7 |     9 |     7 ||    23
       Dagger            |    13 |    62 |       ||    75
       Mace              |       |     3 |    54 ||    57
 Cast: Sting             |     9 |     2 |     1 ||    12
       Poisonous Vapours |     4 |    15 |     8 ||    27
       Olgreb's Toxic Ra |       |     1 |     1 ||     2
  Use: Scroll            |     6 |     3 |     1 ||    10
       Potion            |       |       |     1 ||     1
 Stab: Sleeping          |     5 |     9 |     8 ||    22
Armor: Skin              |     6 |     4 |    13 ||    23
Dodge: Dodged            |    34 |    49 |    75 ||   158

Table legend:
 A = Non-vault XP
 B = Vault XP
 C = Vault XP percentage of total XP
 D = Non-vault monster count
 E = Vault monster count
 F = Vault count percentage of total count
                 A         B        C        D         E       F
            +---------+---------+-------+---------+---------+-------
      Total |     481 |     313 |  39.4 |      77 |       8 |   9.4
            +---------+---------+-------+---------+---------+-------
        D:1 |      39 |       0 |   0.0 |      22 |       0 |   0.0
        D:2 |     192 |     293 |  60.4 |      20 |       3 |  13.0
        D:3 |     125 |      20 |  13.8 |      26 |       5 |  16.1
        D:4 |     125 |       0 |   0.0 |       9 |       0 |   0.0
            +---------+---------+-------+---------+---------+-------
